 Dungeon Crawl Stone Soup version 0.29.0-4-gdea44cf6ec (webtiles) character file.

Game seed: 13631008820129332443

123 qw the Chopper (level 5, -2/30 HPs)
             Began as a Tengu Warper on Aug 28, 2022.
             Was an Initiate of Okawaru.
             Killed from afar by a white imp (6 damage)
             ... with a puff of frost
             ... summoned by Eustachio
             ... on level 4 of the Dungeon.
             The game lasted 00:00:16 (3713 turns).

qw the Chopper (Tengu Warper)                       Turns: 3713, Time: 00:00:17

Health: -2/30      AC: 10    Str: 13    XL:     5   Next: 7%
Magic:  9/9        EV:  4    Int: 14    God:    Okawaru [......]
Gold:   72         SH:  0    Dex: 13    Spells: 8/8 levels left

rFire   . . .      SeeInvis .   Y - +1 hand axe
rCold   . . .      Faith    .   (no shield)
rNeg    . . .      Spirit   .   e - +0 plate armour
rPois   .          Reflect  .   (helmet restricted)
rElec   .          Harm     .   (no cloak)
rCorr   .          Rampage  .   (no gloves)
Will    .....                   (boots unavailable)
Stlth   ..........              (no amulet)
HPRegen 0.10/turn               (no ring)
MPRegen 0.11/turn               (no ring)

@: flying quickly and evasively, quick
A: beak, talons 3, nimble flight
a: Renounce Religion


You were on level 4 of the Dungeon.
You worshipped Okawaru.
Okawaru was noncommittal.
You visited 2 branches of the dungeon, and saw 5 of its levels.

You collected 182 gold pieces.
You spent 110 gold pieces at shops.


Innate Abilities, Weirdness & Mutations

You have a beak for a mouth.
You have claws for feet.
Your magical nature lets you fly swiftly and evasively.


   Skills:
 - Level 2.0 Fighting
 + Level 5.3 Axes
 - Level 1.0 Throwing
 - Level 2.0 Armour
 - Level 2.1 Dodging
 - Level 2.0 Spellcasting
 - Level 2.4 Translocations


You had 8 spell levels left.
You didn't know any spells.
Your spell library contained the following spells:

 Spells                   Type           Power      Damage    Failure   Level
 Blink                    Tloc           16%        N/A       100%        2
 Gell's Gravitas          Tloc           8%         N/A       100%        3
 Lesser Beckoning         Tloc           8%         N/A       100%        3
 Teleport Other           Tloc           8%         N/A       100%        3
 Manifold Assault         Tloc           8%         N/A       100%        5

Inventory:

Hand Weapons
 h - a +1 mace of protection
 Y - a +1 hand axe (weapon)
Missiles
 a - 4 boomerangs (quivered)
Armour
 e - a +0 plate armour (worn)
Scrolls
 f - a scroll of identify
Potions
 c - a potion of resistance
 d - a potion of mutation
 i - a potion of curing
 j - a potion of lignification {unknown}
 l - a potion of magic {unknown}

Dungeon Overview and Level Annotations

Branches:
Dungeon (4/15)             Temple (1/1) D:4

Altars:
Ashenzari
Cheibriados
Fedhas
Gozag
Hepliaklqana
Kikubaaqudgha
Makhleb
Nemelex Xobeh
Okawaru
Qazlal
Ru
Sif Muna
Xom

Shops:
D:2 !   D:3 =

Annotations:
D:4 Eustachio


Message History

The quokka bites you.
3710 ||| DRINKING potion of heal wounds.
You feel much better. Eustachio hits you with a +0 falchion.
The quokka bites you but does no damage.
The shadow imp hits you but does no damage.
The quokka bites you but does no damage.
You slash the quokka!
You kill the quokka!
The quokka's corpse disappears in a puff of smoke!
You closely miss the quokka. You closely miss the shadow imp.
You hit the white imp but do no damage. You completely miss Eustachio.
Eustachio gestures wildly while chanting.
The quokka completely misses you.
The shadow imp hits you but does no damage.
The white imp hits you but does no damage.
You closely miss Eustachio.
Eustachio is moderately wounded.
You closely miss the ufetubus. You hit the quokka. You hit the shadow imp.
You hit the white imp but do no damage. The ufetubus barely misses you.
The ufetubus hits you but does no damage.
The quokka barely misses you. Eustachio hits you with a +0 falchion.
The ufetubus hits you. The ufetubus barely misses you. The white imp hits you.
The white imp freezes you.
The shadow imp hits you but does no damage.
You barely miss the shadow imp. Your peck misses the shadow imp.
The shadow imp is heavily wounded.
You barely miss the ufetubus. You hit Eustachio. You hit the quokka.
You kill the quokka!
The quokka's corpse disappears in a puff of smoke!
You hit the white imp. The bat hits you but does no damage.
The ufetubus hits you but does no damage. x2
Eustachio barely misses you. The bat hits you but does no damage.
The shadow imp gestures at you. Pain shoots through your body!
The white imp gestures at you. The puff of frost hits you.
You die...

#### #..## #...# #...#
###### ###.##
#####.##.###
#...<#####.#.#..#...####
##...r5@5...............
#....r@b5.###.###.......
##..........####........
##..####.#.# #...####.
#...# ###..####....#...
#.#.###....##.......#..
##.....#.............#..
#.......................
##..........#........#..


You could see Eustachio, a white imp (summoned), a shadow imp (summoned), an
ufetubus (summoned), a quokka (summoned), a bat (summoned) and a rat (summoned).

Vanquished Creatures
  An iguana (D:4)
  An orc wizard (D:3)
  3 adders
  A dart slug (D:3)
  5 orcs
  3 endoplasms
  4 goblins
  5 hobgoblins
  A kobold (D:4)
  3 quokkas
  6 ball pythons
  A bat (D:3)
  2 frilled lizards
  3 rats
39 creatures vanquished.

Notes
Turn   | Place    | Note
-------+----------+-------------------------------------------
     0 | D:1      | qw the Tengu Warper began the quest for the Orb.
     0 | D:1      | Reached XP level 1. HP: 12/12 MP: 4/4
     0 | D:1      | 0 ||| qw: Version: 0.1-a-89-g26bdef1
     0 | D:1      | 0 ||| qw: Game counter: 1858
     0 | D:1      | 0 ||| qw: Always use a shield: true
     0 | D:1      | 0 ||| qw: God list: Okawaru
     0 | D:1      | 0 ||| qw: Allow faded altars: false
     0 | D:1      | 0 ||| qw: Do Orc after D:15 true
     0 | D:1      | 0 ||| qw: Do second Lair branch before Depths: true
     0 | D:1      | 0 ||| qw: Lair rune preference: random
     0 | D:1      | 0 ||| qw: Plans: Normal
     0 | D:1      | 0 ||| PLANNING D:1-11
   123 | D:1      | 123 ||| DROPPING +0 club.
   147 | D:1      | Found a faded altar of an unknown god.
   149 | D:1      | 149 ||| Stepping ~*~*~tactically~*~*~ (stealth).
   151 | D:1      | 151 ||| Stepping ~*~*~tactically~*~*~ (stealth).
   157 | D:1      | Reached XP level 2. HP: 16/17 MP: 6/6
   162 | D:1      | Reached skill level 3 in Axes
   508 | D:1      | 508 ||| UPGRADING to +0 plate armour.
   518 | D:1      | 518 ||| DROPPING +0 leather armour.
   519 | D:1      | 519 ||| DRINKING 3 bubbling orange potions.
   520 | D:1      | 520 ||| DRINKING 3 viscous orange potions.
   521 | D:1      | 521 ||| DROPPING scroll of blinking.
   522 | D:1      | 522 ||| DROPPING 2 potions of brilliance.
   980 | D:2      | Reached XP level 3. HP: 21/21 MP: 7/7
  1126 | D:2      | Reached skill level 4 in Axes
  1245 | D:2      | Found Vidwal's Distillery.
  1254 | D:2      | 1254 ||| BUYING 2 potions of heal wounds (110 gold).
  1254 | D:2      | Bought 2 potions of heal wounds for 110 gold pieces
  1254 | D:2      | 1254 ||| SHOPLISTING 2 potions of mutation (176 gold, have
                  | 30).
  1254 | D:2      | 1254 ||| SHOPLISTING potion of cancellation (88 gold, have
                  | 30).
  1254 | D:2      | 1254 ||| SHOPLISTING potion of curing (33 gold, have 30).
  1254 | D:2      | 1254 ||| SHOPLISTING potion of haste (110 gold, have 30).
  1254 | D:2      | 1254 ||| SHOPLISTING potion of heal wounds (55 gold, have
                  | 30).
  1254 | D:2      | 1254 ||| SHOPLISTING potion of mutation (88 gold, have 30).
  1418 | D:2      | 1418 ||| READING scroll labelled ATU GIWOUXAGACS.
  1519 | D:2      | 1519 ||| READING scroll labelled IQOLYT FOGUM.
  1522 | D:2      | 1522 ||| READING 2 scrolls labelled MOT DEZITREBU.
  1523 | D:2      | 1523 ||| READING scroll labelled SEICA FISUMM.
  1633 | D:3      | Noticed an earth elemental
  1635 | D:3      | Found a stormy altar of Qazlal.
  1637 | D:3      | Noticed a fire elemental
  1637 | D:3      | Noticed an air elemental
  1637 | D:3      | Noticed a water elemental
  1654 | D:3      | 1654 ||| Stepping ~*~*~tactically~*~*~ (hiding).
  2076 | D:3      | Found Solucw's Jewellery Boutique.
  2085 | D:3      | 2085 ||| SHOPLISTING +4 ring of protection (468 gold, have
                  | 42).
  2085 | D:3      | 2085 ||| SHOPLISTING +6 ring of dexterity (468 gold, have
                  | 42).
  2085 | D:3      | 2085 ||| SHOPLISTING ring of Fynk {Dex+7 SInv} (477 gold,
                  | have 42).
  2085 | D:3      | 2085 ||| SHOPLISTING ring of positive energy (260 gold,
                  | have 42).
  2085 | D:3      | 2085 ||| SHOPLISTING ring of protection from cold (325
                  | gold, have 42).
  2085 | D:3      | 2085 ||| SHOPLISTING ring of see invisible (195 gold, have
                  | 42).
  2533 | D:3      | 2533 ||| DRINKING 2 potions of curing.
  2533 | D:3      | 2533 ||| (to cure confusion)
  2539 | D:3      | 2539 ||| DRINKING potion of curing.
  2539 | D:3      | 2539 ||| (to cure confusion)
  2542 | D:3      | Reached XP level 4. HP: 26/26 MP: 8/8
  2828 | D:3      | 2828 ||| DROPPING ring of magical power.
  2829 | D:3      | 2829 ||| READING scroll labelled ININNU ESEAS JIU.
  2830 | D:3      | 2830 ||| READING scroll labelled FIRRES DOYMO.
  2831 | D:3      | 2831 ||| DRINKING 2 fizzy golden potions.
  2832 | D:3      | 2832 ||| READING 2 scrolls of identify.
  2832 | D:3      | 2832 ||| IDENTIFYING smoky coppery potion
  2833 | D:3      | 2833 ||| DROPPING potion of attraction.
  2873 | D:4      | 2873 ||| PLANNING OSSUARY
  2948 | D:4      | Reached skill level 5 in Axes
  3179 | D:4      | Found a broken altar of Ashenzari.
  3211 | D:4      | 3211 ||| Stepping ~*~*~tactically~*~*~ (stealth).
  3241 | D:4      | 3241 ||| Stepping ~*~*~tactically~*~*~ (stealth).
  3243 | D:4      | 3243 ||| Stepping ~*~*~tactically~*~*~ (stealth).
  3255 | D:4      | Gained mutation: Your magical nature lets you fly swiftly
                  | and evasively. [Tengu growth]
  3255 | D:4      | Reached XP level 5. HP: 30/30 MP: 9/9
  3268 | D:4      | Found a staircase to the Ecumenical Temple.
  3269 | D:4      | 3269 ||| PLANNING TEMPLE
  3282 | Temple   | Entered the Ecumenical Temple
  3302 | Temple   | Became a worshipper of Warmaster Okawaru
  3460 | Temple   | 3460 ||| PLANNING OSSUARY
  3541 | D:4      | Noticed an ogre
  3544 | D:4      | HP: 2/30 [ogre/+0 giant club (28)]
  3545 | D:4      | 3545 ||| READING scroll of teleportation.
  3546 | D:4      | 3546 ||| DRINKING 2 potions of heal wounds.
  3548 | D:4      | Noticed Eustachio
  3549 | D:4      | 3549 ||| FLEEEEING.
  3550 | D:4      | 3550 ||| FLEEEEING.
  3551 | D:4      | 3551 ||| FLEEEEING.
  3552 | D:4      | 3552 ||| FLEEEEING.
  3553 | D:4      | 3553 ||| FLEEEEING.
  3555 | D:4      | 3555 ||| FLEEEEING.
  3560 | D:4      | 3560 ||| FLEEEEING.
  3561 | D:4      | 3561 ||| FLEEEEING.
  3562 | D:4      | 3562 ||| FLEEEEING.
  3563 | D:4      | 3563 ||| FLEEEEING.
  3564 | D:4      | 3564 ||| FLEEEEING.
  3565 | D:4      | 3565 ||| FLEEEEING.
  3579 | D:4      | 3579 ||| FLEEEEING.
  3580 | D:4      | 3580 ||| FLEEEEING.
  3581 | D:4      | 3581 ||| FLEEEEING.
  3582 | D:4      | 3582 ||| FLEEEEING.
  3583 | D:4      | 3583 ||| FLEEEEING.
  3586 | D:4      | 3586 ||| STAIRDANCE
  3694 | D:3      | 3694 ||| READING scroll labelled TYJOUN IPOXEV.
  3695 | D:3      | 3695 ||| RIP OSSUARY
  3695 | D:3      | 3695 ||| PLANNING D:1-11
  3695 | D:3      | 3695 ||| READING 2 scrolls of identify.
  3695 | D:3      | 3695 ||| IDENTIFYING brown potion
  3697 | D:4      | 3697 ||| RIP OSSUARY
  3709 | D:4      | HP: 6/30 [quokka[Eustachio] (2)]
  3710 | D:4      | 3710 ||| DRINKING potion of heal wounds.
  3713 | D:4      | Killed from afar by a white imp

Levels and vault maps discovered:
D:1:      scummos_arrival_simple_crosswalls, layout_rooms, serial_glass,
          glass_columns_c, glass_columns_b, glass_columns_a, glass_columns_b,
          nicolae_ecumenical_snake_handling, chequers_serial_rivers_micro_a
D:2:      layout_loops_corners, serial_shops,
          nicolae_shop_temple_entry_statues_fountains
D:3:      layout_basic, nicolae_qazlal_style_of_elements, serial_shops,
          nicolae_shop_temple_entry_statues_fountains
D:4:      layout_cave_pools, mainiacjoe_overflow_24_doors,
          minmay_temple_entry_arrows, enter_ossuary_2, uniq_eustachio
Temple:   grunt_temple_mini_profane

Skill      XL: |  1  2  3  4 |
---------------+-------------+-----
Axes           | 3 4 5 |  5.3
Armour         | 2 |  2.0
Fighting       | |  2.0
Throwing       | |  1.0
Dodging        | |  2.1
Spellcasting   | |  2.0
Translocations | |  2.4

Action                   |  1- 3 |  4- 6 || total
-------------------------+-------+-------++-------
Melee: Hand axe          |    67 |    41 ||   108
       Peck              |     9 |     6 ||    15
       Kick              |    11 |    10 ||    21
       Punch             |       |     2 ||     2
Throw: Boomerang         |     7 |    18 ||    25
  Use: Potion            |     4 |     3 ||     7
       Scroll            |     4 |     6 ||    10
Armor: Leather armour    |     2 |       ||     2
       Plate armour      |    35 |    41 ||    76
Dodge: Dodged            |    12 |    13 ||    25

Table legend:
 A = Non-vault XP
 B = Vault XP
 C = Vault XP percentage of total XP
 D = Non-vault monster count
 E = Vault monster count
 F = Vault count percentage of total count
                 A         B        C        D         E       F
            +---------+---------+-------+---------+---------+-------
      Total |     173 |       3 |   1.7 |      37 |       2 |   5.1
            +---------+---------+-------+---------+---------+-------
        D:1 |      11 |       3 |  21.4 |       6 |       2 |  25.0
        D:2 |      34 |       0 |   0.0 |       7 |       0 |   0.0
        D:3 |      70 |       0 |   0.0 |      12 |       0 |   0.0
        D:4 |      58 |       0 |   0.0 |      12 |       0 |   0.0
            +---------+---------+-------+---------+---------+-------
